AoeStats
← 陟遐自迩

MegaRandom

506822080Analyzed
4v4 RM · 17d ago on Sep 15, 2026· 47m 30s· 8 players
Game mode
Random Map
Map size
Large (8 player)
Population
200
Speed
Normal
Resources
Standard
Victory
Conquest
Starting age
Dark Age
Ending age
Imperial Age
RankedLock teamsTeams togetherTeam positionsShared explorationLock speedFull tech treeHidden civsTurbo modeCheats
Victory
Defeat
🇹🇼 Burgundians · Taiwan
1137
+14
🇨🇳 Magyars · China
1109
+15
🇩🇪 Muisca · Germany
1083
+17
🇵🇹 Dravidians · Portugal
1077
+17
🇷🇺 Poles · Russia
1123
-17
🇨🇭 Maya · Switzerland
1114
-17
🇺🇸 Shu · United States
1089
-15
🇦🇺 Bulgarians · Australia
1062
-14
uu
0:29 Loom
10:50 Feudal Age
11:16 Horse Collar
15:46 Castle Age
14:33 Double-Bit Axe
19:47 Wheelbarrow
25:55 Husbandry
26:06 Bloodlines
26:09 Bow Saw
26:00 Heavy Plow
29:03 Hand Cart
28:46 Fletching
28:56 Padded Archer Armor
28:50 Elite Skirmisher
29:51 Scale Barding Armor
32:25 Gold Mining
32:25 Stone Mining
33:01 Thumb Ring
34:22 Gold Shaft Mining
34:38 Bodkin Arrow
34:58 Leather Archer Armor
36:42 Chain Barding Armor
40:34 Imperial Age
38:41 Ballistics
38:01 Treadmill Crane
42:34 Chemistry
41:37 Bracer
42:07 Ring Archer Armor
42:10 Crop Rotation
42:52 Two-Man Saw
42:36 Parthian Tactics
42:26 Heavy Cavalry Archer
43:19 Recurve Bow
44:42 Plate Barding Armor
44:36 Conscription
44:18 Corvinian Army
44:46 Elite Magyar Huszar
46:11 Light Cavalry
Zé Gui
7:37 Loom
11:39 Feudal Age
12:48 Double-Bit Axe
14:31 Fletching
16:23 Padded Archer Armor
18:53 Fishing Lines
22:50 Castle Age
22:53 Gold Mining
23:56 Thumb Ring
23:58 Bodkin Arrow
25:33 Leather Archer Armor
Ta.ToM
0:32 Loom
3:59 Double-Bit Axe
12:48 Feudal Age
11:48 Gold Mining
12:12 Fishing Lines
15:47 Scale Barding Armor
18:09 Castle Age
16:32 Forging
17:08 Fletching
21:48 Horse Collar
25:26 Wheelbarrow
25:31 Bodkin Arrow
25:40 Cavalier
29:09 Gold Shaft Mining
30:17 Heavy Plow
30:34 Hand Cart
30:43 Chain Barding Armor
31:42 Iron Casting
35:16 Imperial Age
33:00 Husbandry
35:07 Medium Warships
35:27 Paladin
36:46 Plate Barding Armor
37:12 Blast Furnace
40:50 Conscription
40:35 Burgundian Vineyards
43:38 Chemistry
42:40 Padded Archer Armor
43:42 Leather Archer Armor
43:28 Bracer
43:52 Ballistics
43:42 Masonry
44:04 Crop Rotation
43:46 Bow Saw
46:03 Scale Mail Armor
45:46 Treadmill Crane
47:11 Two-Man Saw
陟遐自迩
0:33 Loom
12:37 Feudal Age
14:00 Horse Collar
14:50 Fishing Lines
15:57 Wheelbarrow
17:52 Double-Bit Axe
21:07 Castle Age
19:22 Forging
19:12 Scale Mail Armor
18:41 Champi Runner
19:56 Stone Mining
23:55 Bow Saw
23:48 Heavy Plow
23:40 Gold Mining
24:28 Stone Shaft Mining
24:17 Squires
26:24 Gold Shaft Mining
26:30 Iron Casting
26:10 Chain Mail Armor
26:16 Chain Mail Armor
26:03 Gillnets
28:21 Fletching
28:37 Champi Warrior
36:22 Imperial Age
34:11 Hand Cart
33:42 Town Watch
35:49 Herbalism
37:41 Plate Mail Armor
36:39 Elite Temple Guard
38:22 Two-Man Saw
37:55 Crop Rotation
39:24 Conscription
39:51 Huaracas
41:05 Bodkin Arrow
41:14 Padded Archer Armor
ShardMuggleFirst
0:48 Loom
10:34 Feudal Age
14:36 Double-Bit Axe
19:00 Castle Age
17:38 Wheelbarrow
17:21 Fletching
17:34 Gold Mining
19:17 Padded Archer Armor
19:13 Crossbowman
20:11 Bodkin Arrow
27:10 Wheelbarrow
30:26 Bow Saw
31:53 Thumb Ring
31:27 Pikeman
32:12 Horse Collar
32:46 Squires
33:57 Hand Cart
34:41 Stone Mining
35:27 Gold Shaft Mining
39:46 Imperial Age
38:56 Leather Archer Armor
39:14 Ballistics
40:01 Capped Ram
40:32 Arbalester
41:18 Bracer
42:27 Chemistry
41:40 Masonry
42:44 Coinage
42:25 Guilds
43:53 Hoardings
43:19 Coiled Serpent Array
43:23 Siege Ram
44:39 Onager
Альберт
11:26 Feudal Age
13:36 Forging
15:50 Castle Age
14:03 Double-Bit Axe
16:51 Light Cavalry
18:33 Iron Casting
20:03 Horse Collar
23:36 Scale Barding Armor
33:26 Imperial Age
31:34 Wheelbarrow
30:44 Town Watch
30:45 Loom
31:27 Bloodlines
31:20 Husbandry
31:43 Chain Barding Armor
33:23 Szlachta Privileges
34:31 Conscription
33:52 Cavalier
36:08 Blast Furnace
35:04 Gold Mining
36:42 Winged Hussar
39:18 Pikeman
40:17 Scale Mail Armor
41:40 Chain Mail Armor
cucumbah
7:47 Loom
10:20 Feudal Age
12:19 Double-Bit Axe
12:27 Gold Mining
14:53 Fletching
16:24 Horse Collar
21:59 Castle Age
21:57 Padded Archer Armor
22:06 Crossbowman
24:13 Thumb Ring
27:37 Pikeman
28:17 Squires
33:31 Heavy Plow
33:43 Bow Saw
34:23 Wheelbarrow
37:07 Ballistics
39:30 Imperial Age
39:53 Squires
39:34 Halberdier
altrnate15
Connection lost

Rejoining the realm…

Still unreachable

The connection could not be restored.

Session expired

The server has moved on; the page needs a fresh start.